 Dungeon Crawl Stone Soup version 0.27-b1-41-gafb5482f4b (webtiles) character file.

Game seed: 13279380618911216508

7764 Wyvernaa the Spear-Bearer (level 11, 0/81 HPs)
             Began as a Formicid Fighter on July 29, 2021.
             Was an Initiate of Gozag.
             Slain by a boulder beetle (7 damage)
             ... on level 10 of the Dungeon.
             The game lasted 00:38:31 (16080 turns).

Wyvernaa the Spear-Bearer (Formicid Fighter)       Turns: 16080, Time: 00:38:32

Health: 0/81       AC: 13    Str: 23    XL:     11   Next: 43%
Magic:  11/11      EV: 11    Int: 12    God:    Gozag
Gold:   785        SH: 13    Dex: 10    Spells: 10/10 levels left

rFire    . . .     SeeInvis +   o - +3 trident (flame)
rCold    + + .     Faith    .   c - +2 kite shield
rNeg     . . .     Spirit   .   p - +5 ring mail of Qazlal's Inspiration {rC++ Int+3}
rPois    .         Reflect  .   (helmet unavailable)
rElec    .         Harm     .   i - +1 cloak
rCorr    .         Rampage  .   (no gloves)
Will     +....                  (no boots)
Stlth    +.........             j - amulet of magic regeneration
HPRegen  0.23/turn              (no ring)
MPRegen  0.37/turn              (no ring)

@: no status effects
A: permanent stasis, dig shafts and tunnels, antennae 3, four strong arms
a: Dig, Shaft Self, Renounce Religion, Potion Petition, Call Merchant, Bribe
Branch


You were on level 10 of the Dungeon.
You worshipped Gozag.
Gozag was pleased with you.
You visited 2 branches of the dungeon, and saw 12 of its levels.

You collected 1079 gold pieces.
You spent 188 gold pieces at shops.
You paid 106 gold pieces to Gozag.

Inventory:

Hand Weapons
 o - a +3 trident of flaming (weapon)
Armour
 c - a +2 kite shield (worn)
 i - a +1 cloak (worn)
 p - the +5 ring mail of Qazlal's Inspiration (worn) {rC++ Int+3}
   (You found it on level 8 of the Dungeon)

   Int:       It affects your intelligence (+3).
   rC:        It greatly protects you from cold.
 r - a +0 chain mail
Jewellery
 j - an amulet of magic regeneration (around neck)
Wands
 a - a wand of charming (5)
 g - a wand of digging (3)
 q - a wand of flame (13)
Scrolls
 h - a scroll of fog
 k - a scroll of amnesia
 n - 2 scrolls of magic mapping
Potions
 b - a potion of curing
 e - 2 potions of lignification
 f - 4 potions of haste
 m - a potion of attraction


   Skills:
 + Level 6.3 Fighting
 * Level 12.0 Polearms
 + Level 7.2 Armour
 + Level 3.0 Dodging
 + Level 2.6 Stealth
 - Level 9.0 Shields
 * Level 4.8 Evocations


You had 10 spell levels left.
You didn't know any spells.
Your spell library contained the following spells:

 Spells                   Type           Power      Damage    Failure   Level
 Foxfire                  Conj/Fire      0%         2x1d4     43%         1
 Sting                    Tmut/Pois      0%         1d3       43%         1
 Poisonous Vapours        Pois/Air       0%         N/A       58%         2
 Conjure Flame            Conj/Fire      0%         6-21      82%         3
 Dazzling Flash           Conj/Hex       0%         N/A       82%         3
 Inner Flame              Hex/Fire       0%         N/A       82%         3
 Ozocubu's Armour         Ice            0%         N/A       82%         3
 Summon Guardian Golem    Hex/Summ       0%         N/A       82%         3
 Olgreb's Toxic Radiance  Pois           0%         N/A       99%         4
 Agony                    Necr           0%         N/A       100%        5
 Silence                  Hex/Air        0%         N/A       100%        5
 Orb of Destruction       Conj           0%         N/A       100%        7
 Ozocubu's Refrigeration  Ice            0%         4d5       100%        7
 Spellforged Servitor     Conj/Summ      0%         N/A       100%        7


Dungeon Overview and Level Annotations

Branches:
Dungeon (11/15)            Temple (1/1) D:7
   Lair: D:8-11         Orc: D:9-12

Altars:
Ashenzari
Cheibriados
Dithmenos
Elyvilon
Fedhas
Gozag
Hepliaklqana
Kikubaaqudgha
Makhleb
Nemelex Xobeh
Okawaru
Qazlal
Ru
Sif Muna
Trog
Uskayaw
Vehumet
Wu Jian
Xom
Yredelemnul
Zin
The Shining One

Shops:
D:5 ?   D:8 ?   D:9 (

Annotations:
D:11 Harold


Innate Abilities, Weirdness & Mutations

You cannot be hasted, slowed, berserked, paralysed or teleported.
You can dig through walls and to a lower floor.
You have a pair of large antennae on your head. (SInv)
Your four strong arms can wield two-handed weapons with a shield.


Message History

The boulder beetle is heavily wounded.
You block the boulder beetle's attack.
You hit the boulder beetle but do no damage.
The boulder beetle is heavily wounded.
The boulder beetle bites you!
You puncture the boulder beetle! You burn the boulder beetle.
The boulder beetle is heavily wounded.
You hit the boulder beetle but do no damage.
The boulder beetle is heavily wounded.
You block the boulder beetle's attack.
You hit the boulder beetle. You burn the boulder beetle.
The boulder beetle is severely wounded.
You block the boulder beetle's attack.
You hit the boulder beetle but do no damage.
The boulder beetle is severely wounded.
You hit the boulder beetle but do no damage.
The boulder beetle is severely wounded.
The boulder beetle bites you!
You hit the boulder beetle but do no damage.
The boulder beetle is severely wounded.
You block the boulder beetle's attack.
You hit the boulder beetle but do no damage.
The boulder beetle is severely wounded.
The boulder beetle bites you!
You hit the boulder beetle but do no damage.
The boulder beetle is severely wounded.
You hit the boulder beetle but do no damage.
The boulder beetle is severely wounded.
The boulder beetle bites you!!
* * * LOW HITPOINT WARNING * * *
You hit the boulder beetle. You burn the boulder beetle.
The boulder beetle is severely wounded.
The boulder beetle leaps!
The boulder beetle curls into a ball and begins rolling!
The boulder beetle hits you!!
* * * LOW HITPOINT WARNING * * *
The boulder beetle stops rolling and uncurls.
You feel better. The boulder beetle bites you!
You die...
Your body crumbles into a pile of gold.

###
#############################
...
..........°B.................
...
....##..°###@..####..........
...
........○###...####..........
...
........°................#...
...
.........○...................
...
.............................
###
##'##############....>...####
... .. #........#... ... .
#.######.#... ... {
#.######.'...


You could see a boulder beetle.

Vanquished Creatures
  A two-headed ogre (D:9)
  Pikel (D:8)
  Joseph (D:10)
  Psyche (D:10)
  A tengu conjurer (D:10)
  3 meliai (D:10)
  7 yaks
  2 wyverns
  A steam dragon (D:8)
  Edmund (D:5)
  An acid dragon (D:9)
  2 water moccasins
  Duvessa (D:5)
  2 ice beasts
  A black bear (D:5)
  2 orc warriors
  4 sky beasts
  2 necrophages (D:4)
  An ogre (D:4)
  4 centaurs
  4 kobold brigands
  A gnoll sergeant (D:9)
  A bullfrog (D:8)
  2 scorpions
  Dowan (D:5)
  A wyvern skeleton (D:7)
  2 electric eels (D:9)
  5 wights (D:7)
  2 centaur zombies
  A bullfrog zombie (D:6)
  A centaur skeleton (D:6)
  4 orc priests
  2 hounds
  Natasha (thrice) (D:4)
  An orc wizard (D:7)
  3 gnolls (D:9)
  A howler monkey zombie (D:8)
  8 adders
  A shadow imp (D:7)
  A white imp (D:5)
  4 ufetubi
  3 worms
  2 dart slugs
  23 orcs
  7 endoplasms
  A giant cockroach (D:3)
  4 goblins
  5 hobgoblins
  18 jackals
  7 ball pythons
  2 bats
  8 frilled lizards
  25 kobolds
  8 rats
201 creatures vanquished.

Notes
Turn   | Place    | Note
-------+----------+-------------------------------------------
     0 | D:1      | Wyvernaa the Formicid Fighter began the quest for the Orb.
     0 | D:1      | Reached XP level 1. HP: 18/18 MP: 1/1
   110 | D:1      | Reached XP level 2. HP: 22/24 MP: 2/2
   552 | D:1      | Found a faded altar of an unknown god.
  1182 | D:2      | Reached XP level 3. HP: 23/29 MP: 3/3
  1793 | D:2      | Reached skill level 3 in Polearms
  1949 | D:2      | Reached XP level 4. HP: 35/35 MP: 4/4
  2413 | D:3      | Noticed an ogre
  3490 | D:3      | Reached XP level 5. HP: 41/41 MP: 5/5
  3932 | D:4      | Noticed an ice beast
  3967 | D:4      | Noticed Natasha
  3971 | D:4      | Killed Natasha
  3972 | D:4      | Reached skill level 4 in Polearms
  3985 | D:4      | Found a sacrificial altar of Ru.
  3986 | D:4      | Found a bloodstained altar of Trog.
  4002 | D:4      | Noticed a necrophage
  4017 | D:4      | Killed a necrophage
  4018 | D:4      | Reached XP level 6. HP: 47/47 MP: 6/6
  4131 | D:4      | Noticed a necrophage
  4143 | D:4      | Killed a necrophage
  4144 | D:4      | Reached skill level 5 in Polearms
  4144 | D:4      | Reached skill level 5 in Shields
  4179 | D:4      | Noticed Natasha
  4193 | D:4      | Killed Natasha
  4213 | D:4      | Noticed Natasha
  4235 | D:4      | Killed Natasha
  4236 | D:4      | Reached XP level 7. HP: 10/53 MP: 7/7
  4627 | D:4      | You fall into a shaft and drop 1 floor!
  4627 | D:5      | Entered Level 5 of the Dungeon
  4694 | D:5      | Found a blossoming altar of Fedhas.
  4776 | D:4      | Reached skill level 6 in Polearms
  5222 | D:5      | Noticed Edmund
  5230 | D:5      | You fall into a shaft and drop 3 floors!
  5237 | D:8      | Noticed a steam dragon
  5261 | D:8      | Found Poussuun's Magic Scroll Shop.
  5629 | D:6      | Reached XP level 8. HP: 48/60 MP: 8/8
  5746 | D:5      | Noticed Dowan
  5747 | D:5      | Noticed Duvessa
  5782 | D:5      | Killed Duvessa
  5783 | D:5      | Reached skill level 7 in Polearms
  5788 | D:5      | Killed Dowan
  6080 | D:5      | Killed Edmund
  6081 | D:5      | Reached skill level 1 in Dodging
  6363 | D:5      | Found Xienwe Capp's Magic Scroll Emporium.
  7020 | D:5      | Reached skill level 5 in Armour
  7445 | D:6      | Reached skill level 8 in Polearms
  7445 | D:6      | Reached skill level 1 in Stealth
  7445 | D:6      | Reached XP level 9. HP: 46/66 MP: 9/9
  8538 | D:7      | Found a staircase to the Ecumenical Temple.
  8544 | Temple   | Entered the Ecumenical Temple
  8666 | Temple   | Became a worshipper of Gozag Ym Sagoz the Greedy
  8939 | D:7      | Found a glowing silver altar of Zin.
  9732 | D:7      | Reached skill level 9 in Polearms
 10015 | D:8      | Identified the +5 ring mail of Qazlal's Inspiration {rC++
                  | Int+3}
 10085 | D:8      | Reached skill level 1 in Evocations
 10227 | D:8      | Noticed Pikel
 10260 | D:8      | Killed Pikel
 10261 | D:8      | Reached skill level 5 in Fighting
 10261 | D:8      | Reached XP level 10. HP: 47/74 MP: 10/10
 10884 | D:8      | Reached skill level 10 in Polearms
 12833 | D:9      | Noticed a centaur warrior
 13476 | D:9      | Found Ruorukh's Antique Weapon Shoppe.
 13495 | D:9      | Bought a glowing trident for 188 gold pieces
 13512 | D:9      | Noticed a two-headed ogre
 13582 | D:9      | Noticed a centaur warrior
 14147 | D:9      | Noticed a two-headed ogre
 14163 | D:10     | Entered Level 10 of the Dungeon
 14270 | D:10     | Reached skill level 11 in Polearms
 14284 | D:10     | Reached XP level 11. HP: 25/81 MP: 11/11
 14815 | D:10     | Noticed Psyche
 14824 | D:10     | Killed Psyche
 14965 | D:10     | Noticed Snorg
 15052 | D:10     | You fall into a shaft and drop 1 floor!
 15095 | D:11     | Noticed Harold
 15190 | D:10     | Noticed Joseph
 15207 | D:10     | Killed Joseph
 15485 | D:9      | Killed a two-headed ogre
 15965 | D:10     | Reached skill level 12 in Polearms
 16042 | D:10     | Noticed a boulder beetle
 16079 | D:10     | HP: 2/81 [boulder beetle (23)]
 16080 | D:10     | Slain by a boulder beetle

Illustrated notes

Levels and vault maps discovered:
D:1:      lightli_arrival_quake, layout_loops_ring, basic_ecumenical_altar,
          minmay_lizard_pond
D:2:      layout_basic
D:3:      layout_basic, minmay_misc_feat_rugged
D:4:      layout_cave_pools, mainiacjoe_overflow_divided_tiny, st_stairs_2,
          bh_walls_and_bars, uniq_natasha
D:5:      layout_rooms, fedhas_altar_3, serial_shops, shop, uniq_edmund,
          uniq_duvessa
D:6:      layout_basic
D:7:      layout_loops_ring, mainiacjoe_overflow_24_doors, temple_green
D:8:      layout_loops_ring, serial_shops, shop_statue, uniq_pikel
D:9:      layout_basic, serial_shops, nicolae_shop_behind_doors,
          minmay_fractal_squares_gapless_7
D:10:     layout_stronghold, minmay_holes, hellmonk_bongcloud_opening,
          uniq_joseph, uniq_snorg, uniq_psyche
D:11:     layout_gridville, erik_lair_orcish_takeover, uniq_harold
Temple:   regret_index_temple_mists

Skill      XL: |  1  2  3  4  5  6  7  8  9 10 11 |
---------------+----------------------------------+-----
Shields        | 4 5 7 8 9 |  9.0
Polearms       | 3 4 5 6 8 9 11 12 | 12.0
Armour         | 4 5 6 7 |  7.2
Fighting       | 4 5 6 |  6.3
Dodging        | 1 2 3 |  3.0
Stealth        | 1 2 |  2.6
Evocations     | 1 3 4 |  4.8

Action                   |  1- 3 |  4- 6 |  7- 9 | 10-12 || total
-------------------------+-------+-------+-------+-------++-------
Melee: Trident           |   122 |   165 |   452 |   381 ||  1120
 Abil: Dig               |       |       |     7 |     9 ||    16
       Shaft Self        |       |       |     2 |     1 ||     3
  Use: Scroll            |     2 |     2 |     4 |     5 ||    13
       Potion            |       |     1 |     1 |    11 ||    13
 Stab: Distracted        |       |       |       |     2 ||     2
Armor: Scale mail        |    42 |    55 |   103 |       ||   200
       Ring mail         |       |       |     7 |    65 ||    72
Dodge: Dodged            |    25 |    50 |   104 |    87 ||   266
Block: Kite shield       |    51 |    77 |   189 |   169 ||   486
